| TOP OF THE 1ST |
|
Los Angeles Dodgers batting - Pitching for Washington Nationals : RHP Chitoji Takemoto
|
|
Pitching: RHP Chitoji Takemoto
|
|
|
Batting: SHB Joel Baker
|
0-0: Ball 1-0: Called Strike 1-1: Fly out, F8 (Flyball, 8RS, EV 85.0 MPH)
|
|
Batting: RHB Jorge Severiano
|
0-0: Ball 1-0: Ball 2-0: Ball 3-0: SOLO HOME RUN (Line Drive, 8LXD, EV 108.8 MPH), Distance : 447 ft
|
|
Batting: LHB Bob Branham
|
0-0: Ball 1-0: SINGLE (Line Drive, 78S, EV 106.9 MPH)
|
|
Batting: LHB Lirak Bazhunaishvili
|
0-0: Foul Ball, location: 2F 0-1: Fly out, F7 (Flyball, 7, EV 87.5 MPH)
|
|
Batting: RHB Clay Buchanan
|
0-0: Ball 1-0: Foul Ball, location: 2F 1-1: Ball 2-1: Fielders Choice at 2nd, 5-4 (Groundball, 56, EV 86.9 MPH)
|
| Top of the 1st over - 1 run, 2 hits, 0 errors, 1 left on base; Los Angeles 1 - Washington 0 |
| BOTTOM OF THE 1ST |
|
Washington Nationals batting - Pitching for Los Angeles Dodgers : RHP Jake Koehler
|
|
Pitching: RHP Jake Koehler
|
|
|
Batting: SHB Andrew Wray II
|
0-0: Called Strike 0-1: Ball 1-1: Ball 2-1: Hit by Pitch
|
|
Batting: RHB C.J. Beavers
|
0-0: Ball 1-0: Fly out, F7 (Flyball, 78M, EV 90.6 MPH)
|
|
Batting: LHB R.J. O'Brien
|
0-0: Called Strike 0-1: SINGLE (Groundball, 34D, EV 100.6 MPH) Andrew Wray II to second Runner from 2nd tries for 3rd, SAFE, throw by RF made to third
|
|
Batting: RHB John Sanders
|
0-0: Ball 1-0: Called Strike 1-1: Grounds into double play, 6-4-3 (Groundball, 56D, EV 91.3 MPH)
|
| Bottom of the 1st over - 0 runs, 1 hit, 0 errors, 1 left on base; Los Angeles 1 - Washington 0 |
| TOP OF THE 2ND |
|
Los Angeles Dodgers batting - Pitching for Washington Nationals : RHP Chitoji Takemoto
|
|
Batting: LHB Ryan Taylor
|
0-0: Ground out 4-3 (Groundball, 4, EV 92.5 MPH)
|
|
Batting: RHB Tsutomu Irie
|
0-0: Foul Ball, location: 2F 0-1: Foul Ball, location: 2F 0-2: Strikes out swinging
|
|
Batting: SHB Carlos Rodriguez
|
0-0: Ball 1-0: Fly out, F7 (Flyball, 7S, EV 87.5 MPH)
|
| Top of the 2nd over - 0 runs, 0 hits, 0 errors, 0 left on base; Los Angeles 1 - Washington 0 |
| BOTTOM OF THE 2ND |
|
Washington Nationals batting - Pitching for Los Angeles Dodgers : RHP Jake Koehler
|
|
Batting: LHB Armando Carbajal
|
0-0: SINGLE (Groundball, 34D, EV 94.4 MPH)
|
|
Batting: SHB Junzo Kato
|
0-0: Ball 1-0: Ball 2-0: Ball 3-0: Called Strike 3-1: Base on Balls Armando Carbajal to second
|
|
Batting: RHB Luis Torres
|
0-0: DOUBLE (Flyball, 89XD, EV 108.1 MPH) Armando Carbajal scores Junzo Kato to third
|
|
Batting: LHB Yasahiko Teshima
|
0-0: Ball 1-0: Ground out 4-3 (Groundball, 34, EV 91.3 MPH) Junzo Kato scores Luis Torres to third
|
|
Batting: RHB Mike Blair
|
0-0: Ball 1-0: Fly out, F8 (Flyball, 8RD, EV 90.0 MPH) Runner from 3rd tags up, SCORES, throw by CF
|
|
Batting: SHB Andrew Wray II
|
0-0: Swinging Strike 0-1: Swinging Strike 0-2: Ball 1-2: Fly out, F6 (Line Drive, 6, EV 68.8 MPH)
|
| Bottom of the 2nd over - 3 runs, 2 hits, 0 errors, 0 left on base; Los Angeles 1 - Washington 3 |
| TOP OF THE 3RD |
|
Los Angeles Dodgers batting - Pitching for Washington Nationals : RHP Chitoji Takemoto
|
|
Batting: RHB Ben Mischnick
|
0-0: Called Strike 0-1: Swinging Strike 0-2: Foul Ball, location: 2F 0-2: Strikes out swinging
|
|
Batting: SHB Joel Baker
|
0-0: Fly out, F7 (Flyball, 78S, EV 95.0 MPH)
|
|
Batting: RHB Jorge Severiano
|
0-0: Fly out, F3 (Popup, 3S, EV 85.0 MPH)
|
| Top of the 3rd over - 0 runs, 0 hits, 0 errors, 0 left on base; Los Angeles 1 - Washington 3 |
| BOTTOM OF THE 3RD |
|
Washington Nationals batting - Pitching for Los Angeles Dodgers : RHP Jake Koehler
|
|
Batting: RHB C.J. Beavers
|
0-0: Ball 1-0: Ground out 6-3 (Groundball, 6, EV 86.9 MPH)
|
|
Batting: LHB R.J. O'Brien
|
0-0: Called Strike 0-1: Foul Ball, location: 2F 0-2: SINGLE (Line Drive, 4MD, EV 99.4 MPH)
|
|
Batting: RHB John Sanders
|
0-0: Ball 1-0: Fly out, F9 (Flyball, 89D, EV 108.8 MPH)
|
|
Batting: LHB Armando Carbajal
|
0-0: Ball 1-0: Ground out 4-3 (Groundball, 4S, EV 86.3 MPH)
|
| Bottom of the 3rd over - 0 runs, 1 hit, 0 errors, 1 left on base; Los Angeles 1 - Washington 3 |
| TOP OF THE 4TH |
|
Los Angeles Dodgers batting - Pitching for Washington Nationals : RHP Chitoji Takemoto
|
|
Batting: LHB Bob Branham
|
0-0: Swinging Strike 0-1: Ball 1-1: Ground out 6-3 (Groundball, 6MD, EV 103.1 MPH)
|
|
Batting: LHB Lirak Bazhunaishvili
|
0-0: Foul Ball, location: 2F 0-1: Called Strike 0-2: Ball 1-2: Ball 2-2: Strikes out swinging
|
|
Batting: RHB Clay Buchanan
|
0-0: Foul Ball, location: 2F 0-1: DOUBLE (Line Drive, 9D, EV 95.0 MPH)
|
|
Batting: LHB Ryan Taylor
|
0-0: Swinging Strike 0-1: Foul Ball, location: 2F 0-2: Strikes out looking
|
| Top of the 4th over - 0 runs, 1 hit, 0 errors, 1 left on base; Los Angeles 1 - Washington 3 |
| BOTTOM OF THE 4TH |
|
Washington Nationals batting - Pitching for Los Angeles Dodgers : RHP Jake Koehler
|
|
Batting: SHB Junzo Kato
|
0-0: Called Strike 0-1: Ball 1-1: Called Strike 1-2: Foul Ball, location: 2F 1-2: Foul Ball, location: 2F 1-2: Fly out, F9 (Line Drive, 9, EV 91.9 MPH)
|
|
Batting: RHB Luis Torres
|
0-0: Ball 1-0: Foul Ball, location: 2F 1-1: Ball 2-1: Called Strike 2-2: Ball 3-2: Foul Ball, location: 2F 3-2: Foul Ball, location: 2F 3-2: Ground out 5-3 (Groundball, 56, EV 83.1 MPH)
|
|
Batting: LHB Yasahiko Teshima
|
0-0: Ball 1-0: SINGLE (Line Drive, 4D, EV 100.6 MPH)
|
|
Batting: RHB Mike Blair
|
0-0: Ball 1-0: 2-RUN HOME RUN (Flyball, 78XD, EV 98.1 MPH), Distance : 384 ft
|
|
Batting: SHB Andrew Wray II
|
0-0: Foul Ball, location: 2F 0-1: Ball 1-1: Foul Ball, location: 2F 1-2: Ball 2-2: Ball 3-2: Foul Ball, location: 2F 3-2: Foul Ball, location: 2F 3-2: Base on Balls
|
|
Pitching: RHP Taylor Drews
|
|
|
Batting: RHB C.J. Beavers
|
0-0: Called Strike 0-1: Called Strike 0-2: Ball 1-2: Ball 2-2: Ball Wild Pitch! Andrew Wray II to second 3-2: SINGLE (Groundball, 56S, EV 66.9 MPH) (infield hit) Andrew Wray II to third
|
|
Batting: LHB R.J. O'Brien
|
0-0: SINGLE (Groundball, 34S, EV 73.1 MPH) (infield hit) Andrew Wray II scores C.J. Beavers to second
|
|
Batting: RHB John Sanders
|
0-0: DOUBLE (Line Drive, 78M, EV 98.1 MPH) C.J. Beavers scores R.J. O'Brien to third Runner from 3rd tries for Home, SAFE, throw by LF to home
|
|
Batting: LHB Armando Carbajal
|
0-0: Ball 1-0: Ball 2-0: Called Strike 2-1: Ball 3-1: Foul Ball, location: 2F 3-2: Base on Balls
|
|
Batting: SHB Junzo Kato
|
0-0: Called Strike 0-1: Ball 1-1: Foul Ball, location: 2F 1-2: Ball 2-2: Foul Ball, location: 2F 2-2: Fly out, F8 (Flyball, 8LD, EV 95.0 MPH)
|
| Bottom of the 4th over - 5 runs, 5 hits, 0 errors, 2 left on base; Los Angeles 1 - Washington 8 |
| TOP OF THE 5TH |
|
Los Angeles Dodgers batting - Pitching for Washington Nationals : RHP Chitoji Takemoto
|
|
Batting: RHB Tsutomu Irie
|
0-0: Ball 1-0: Called Strike 1-1: Ball 2-1: Hit by Pitch
|
|
Batting: SHB Carlos Rodriguez
|
0-0: Grounds into double play, 5-4-3 (Groundball, 56S, EV 83.8 MPH)
|
|
Batting: RHB Ben Mischnick
|
0-0: Foul Ball, location: 2F 0-1: Ball 1-1: Fly out, F9 (Flyball, 89M, EV 88.1 MPH)
|
| Top of the 5th over - 0 runs, 0 hits, 0 errors, 0 left on base; Los Angeles 1 - Washington 8 |
| BOTTOM OF THE 5TH |
|
Washington Nationals batting - Pitching for Los Angeles Dodgers : RHP Taylor Drews
|
|
Batting: RHB Luis Torres
|
0-0: Ball 1-0: Called Strike 1-1: Swinging Strike 1-2: Ball 2-2: SOLO HOME RUN (Flyball, 78XD, EV 102.5 MPH), Distance : 396 ft
|
|
Batting: LHB Yasahiko Teshima
|
0-0: Foul Ball, location: 2F 0-1: Foul Ball, location: 2F 0-2: Ball 1-2: Ball 2-2: Fly out, F9 (Flyball, 9D, EV 97.5 MPH)
|
|
Batting: RHB Mike Blair
|
0-0: Ball 1-0: Called Strike 1-1: Foul Ball, location: 2F 1-2: Strikes out looking
|
|
Batting: SHB Andrew Wray II
|
0-0: Called Strike 0-1: Ball 1-1: Foul Ball, location: 2F 1-2: Fly out, F3 (Popup, 3SF, EV 71.3 MPH)
|
| Bottom of the 5th over - 1 run, 1 hit, 0 errors, 0 left on base; Los Angeles 1 - Washington 9 |
| TOP OF THE 6TH |
|
Los Angeles Dodgers batting - Pitching for Washington Nationals : RHP Chitoji Takemoto
|
|
Batting: SHB Joel Baker
|
0-0: Called Strike 0-1: Swinging Strike 0-2: Fly out, F8 (Flyball, 8RM, EV 95.0 MPH)
|
|
Batting: RHB Jorge Severiano
|
0-0: Ball 1-0: Ball 2-0: Fly out, F9 (Flyball, 9D, EV 92.5 MPH)
|
|
Batting: LHB Bob Branham
|
0-0: Fly out, F7 (Line Drive, 7, EV 98.1 MPH)
|
| Top of the 6th over - 0 runs, 0 hits, 0 errors, 0 left on base; Los Angeles 1 - Washington 9 |
| BOTTOM OF THE 6TH |
|
Washington Nationals batting - Pitching for Los Angeles Dodgers : RHP Taylor Drews
|
|
Batting: RHB C.J. Beavers
|
0-0: Swinging Strike 0-1: Ball 1-1: Foul Ball, location: 2F 1-2: Fly out, F8 (Flyball, 8LD, EV 88.1 MPH)
|
|
Batting: LHB R.J. O'Brien
|
0-0: Called Strike 0-1: Ball 1-1: Ball 2-1: Ball 3-1: Ground out 6-3 (Groundball, 6, EV 104.4 MPH)
|
|
Batting: RHB John Sanders
|
0-0: Ball 1-0: Foul Ball, location: 2F 1-1: Ball 2-1: Ground out 5-3 (Groundball, 56, EV 86.3 MPH)
|
| Bottom of the 6th over - 0 runs, 0 hits, 0 errors, 0 left on base; Los Angeles 1 - Washington 9 |
| TOP OF THE 7TH |
|
Los Angeles Dodgers batting - Pitching for Washington Nationals : RHP Chitoji Takemoto
|
|
Pinch Hitting: RHB Isaiah Yarbrough
|
0-0: Fly out, F9 (Flyball, 9LS, EV 91.3 MPH)
|
|
Batting: RHB Clay Buchanan
|
0-0: Called Strike 0-1: Foul Ball, location: 2F 0-2: Ball 1-2: DOUBLE (Line Drive, 89XD, EV 105.6 MPH)
|
|
Batting: LHB Ryan Taylor
|
0-0: SINGLE (Line Drive, 78M, EV 99.4 MPH) Clay Buchanan to third Runner from 3rd tries for Home, SAFE, throw by CF to home
|
|
Batting: RHB Tsutomu Irie
|
0-0: Ball 1-0: Grounds into double play, 6-4-3 (Groundball, 6, EV 83.1 MPH)
|
| Top of the 7th over - 1 run, 2 hits, 0 errors, 0 left on base; Los Angeles 2 - Washington 9 |
| BOTTOM OF THE 7TH |
|
Washington Nationals batting - Pitching for Los Angeles Dodgers : RHP Taylor Drews
|
|
Now in CF: Ryan Taylor
|
|
|
Now in RF: Isaiah Yarbrough
|
|
|
Batting: LHB Armando Carbajal
|
0-0: Ball 1-0: Ball 2-0: Called Strike 2-1: Foul Ball, location: 2F 2-2: Strikes out swinging
|
|
Pitching: LHP Sam Zegarelli
|
|
|
Batting: SHB Junzo Kato
|
0-0: Ball 1-0: Ground out 6-3 (Groundball, 56, EV 84.4 MPH)
|
|
Batting: RHB Luis Torres
|
0-0: Called Strike 0-1: Swinging Strike 0-2: Strikes out looking
|
| Bottom of the 7th over - 0 runs, 0 hits, 0 errors, 0 left on base; Los Angeles 2 - Washington 9 |
| TOP OF THE 8TH |
|
Los Angeles Dodgers batting - Pitching for Washington Nationals : RHP Chitoji Takemoto
|
|
Batting: SHB Carlos Rodriguez
|
0-0: Called Strike 0-1: Ball 1-1: Called Strike 1-2: Ball 2-2: Ball 3-2: Strikes out swinging
|
|
Batting: RHB Ben Mischnick
|
0-0: Ball 1-0: Called Strike 1-1: Foul Ball, location: 2F 1-2: Strikes out looking
|
|
Batting: SHB Joel Baker
|
0-0: Called Strike 0-1: Fly out, F5 (Popup, 56, EV 75.0 MPH)
|
| Top of the 8th over - 0 runs, 0 hits, 0 errors, 0 left on base; Los Angeles 2 - Washington 9 |
| BOTTOM OF THE 8TH |
|
Washington Nationals batting - Pitching for Los Angeles Dodgers : LHP Sam Zegarelli
|
|
Batting: LHB Yasahiko Teshima
|
0-0: Ball 1-0: Called Strike 1-1: Swinging Strike 1-2: Foul Ball, location: 2F 1-2: Ground out 1-3 (Groundball, 25, EV 66.9 MPH)
|
|
Batting: RHB Mike Blair
|
0-0: Called Strike 0-1: Called Strike 0-2: Ball 1-2: Foul Ball, location: 2F 1-2: Hit by Pitch
|
|
Batting: SHB Andrew Wray II
|
0-0: Ball 1-0: Foul Ball, location: 2F 1-1: Ball 2-1: Foul Ball, location: 2F 2-2: Strikes out looking
|
|
Batting: RHB C.J. Beavers
|
0-0: Ball 1-0: Foul Ball, location: 2F 1-1: Foul Ball, location: 2F 1-2: Foul Ball, location: 2F 1-2: Strikes out swinging
|
| Bottom of the 8th over - 0 runs, 0 hits, 0 errors, 1 left on base; Los Angeles 2 - Washington 9 |
| TOP OF THE 9TH |
|
Los Angeles Dodgers batting - Pitching for Washington Nationals : RHP Chitoji Takemoto
|
|
Batting: RHB Jorge Severiano
|
0-0: Foul Ball, location: 2F 0-1: Foul Ball, location: 2F 0-2: SINGLE (Flyball, 3D, EV 98.1 MPH)
|
|
Batting: LHB Bob Branham
|
0-0: Fly out, F6 (Flyball, 56D, EV 96.9 MPH)
|
|
Pinch Hitting: LHB Chris Ringwood
|
0-0: Called Strike 0-1: Swinging Strike 0-2: Ball 1-2: Strikes out swinging
|
|
Batting: RHB Clay Buchanan
|
0-0: Ball 1-0: Called Strike 1-1: DOUBLE (Line Drive, 78D, EV 100.6 MPH) Jorge Severiano to third
|
|
Batting: LHB Ryan Taylor
|
0-0: Ball 1-0: Called Strike 1-1: Foul Ball, location: 2F 1-2: Foul Ball, location: 2F 1-2: Foul Ball, location: 2F 1-2: SINGLE (Flyball, 3D, EV 95.0 MPH) Jorge Severiano scores Clay Buchanan to third
|
|
Batting: RHB Tsutomu Irie
|
0-0: Called Strike 0-1: Foul Ball, location: 2F 0-2: Strikes out swinging
|
| Top of the 9th over - 1 run, 3 hits, 0 errors, 2 left on base; Los Angeles 3 - Washington 9 |
|